 Dungeon Crawl Stone Soup version 0.21-a0-171-g0f4a3b6 (webtiles) character file.

4293 Lavandula the Nimble (level 10, -1/63 HPs)
             Began as a Formicid Artificer on Aug 7, 2017.
             Was a Believer of Hepliaklqana.
             Slain by a manticore (19 damage)
             ... on level 11 of the Dungeon.
             The game lasted 00:39:33 (6979 turns).

Lavandula the Nimble (Formicid Artificer)           Turns: 6979, Time: 00:39:33

Health: -1/63      AC:  7    Str: 17    XL:     10   Next: 57%
Magic:  12/12      EV: 15    Int: 11    God:    Hepliaklqana [**....]
Gold:   223        SH:  5    Dex: 14    Spells: 9/9 levels left

rFire    . . .     SeeInvis +   w - +3 dagger (elec)
rCold    . . .     Gourm    .   S - +0 buckler (curse)
rNeg     . . .     Faith    .   r - +1 scale mail
rPois    .         Spirit   .   (helmet unavailable)
rElec    .         Reflect  .   (no cloak)
rCorr    .         Harm     .   (no gloves)
MR       ++...                  (no boots)
Stlth    ..........             (no amulet)
HPRegen  0.20/turn              q - ring of protection from magic
MPRegen  0.13/turn              G - ring of flight

@: barbed spikes
A: permanent stasis, dig shafts and tunnels, four strong arms, reduced essence,
antennae 3
a: Dig, Shaft Self, Recall Ancestor, Ancestor Identity, Renounce Religion, Evoke
Flight


You were on level 11 of the Dungeon.
You worshipped Hepliaklqana.
Hepliaklqana was pleased with you.
You were hungry.

You visited 2 branches of the dungeon, and saw 13 of its levels.

You collected 377 gold pieces.
You spent 154 gold pieces at shops.

Inventory:

Hand Weapons
 a - a +1 short sword
 h - a +0 hand axe
 w - a +3 dagger of electrocution (weapon)
 B - a +2 falchion of holy wrath
 D - a +0 war axe
 J - a +0 flail of holy wrath
Missiles
 E - 8 javelins (quivered)
 T - a throwing net
Armour
 b - a +0 leather armour
 r - a +1 scale mail (worn)
 S - a cursed +0 buckler (worn)
Magical Staves
 u - an uncursed staff of poison
Jewellery
 q - a ring of protection from magic (left hand)
 G - a ring of flight (right hand)
Wands
 c - a wand of flame (0/48)
 d - a wand of enslavement (5/24)
 e - a wand of random effects (4/48)
 p - a wand of polymorph (14/24)
 z - a wand of confusion (26/48)
 O - a wand of digging (3/24)
Scrolls
 g - 2 scrolls of vulnerability
 i - 2 scrolls of amnesia
 l - 3 scrolls of magic mapping
 m - a scroll of blinking {unknown}
 s - a scroll of immolation
 t - a scroll of holy word {unknown}
 F - 5 scrolls of remove curse
 K - a scroll of fog
 L - a scroll of brand weapon
 R - a scroll of silence
Potions
 j - a potion of ambrosia
 n - a potion of flight
 v - a potion of haste {unknown}
 C - 2 potions of degeneration {unknown}
 H - 2 potions of agility
 I - a potion of mutation {unknown}
 M - a potion of brilliance
Books
 x - a book of Maledictions

   Spells                             Type                      Level
   a - Corona                         Hexes                        1
   b - Ensorcelled Hibernation        Hexes/Ice                    2
   c - Confuse                        Hexes                        3
   d - Tukima's Dance                 Hexes                        3
   e - Dazzling Spray                 Conjuration/Hexes            3
 A - a book of Geomancy

   Spells                             Type                      Level
   a - Sandblast                      Earth                        1
   b - Passwall                       Transmutation/Earth          2
   c - Stone Arrow                    Conjuration/Earth            3
   d - Petrify                        Transmutation/Earth          4
   e - Lee's Rapid Deconstruction     Earth                        5
 P - a book of Misfortune

   Spells                             Type                      Level
   a - Confusing Touch                Hexes                        1
   b - Confuse                        Hexes                        3
   c - Gell's Gravitas                Translocation                3
   d - Petrify                        Transmutation/Earth          4
   e - Metabolic Englaciation         Hexes/Ice                    5
   f - Yara's Violent Unravelling     Hexes/Transmutation          5
Miscellaneous
 y - a box of beasts
 Q - a crystal ball of energy
Comestibles
 f - 8 bread rations
 k - 2 royal jellies
 o - 2 meat rations


   Skills:
 - Level 3.9 Fighting
 - Level 9.0 Short Blades
 - Level 1.3 Armour
 - Level 9.8 Dodging
 - Level 1.2 Stealth
 + Level 3.6 Shields
 - Level 3.2 Evocations


You had 9 spell levels left.
You didn't know any spells.

Dungeon Overview and Level Annotations

Branches:
Dungeon (12/15)            Temple (1/1) D:6            Lair (0/6) D:11
    Orc: D:9-12

Altars:
Cheibriados
Dithmenos
Elyvilon
Fedhas
Gozag
Hepliaklqana
Kikubaaqudgha
Makhleb
Nemelex Xobeh
Okawaru
Qazlal
Ru
Sif Muna
Trog
Uskayaw
Vehumet
Wu Jian
Xom
Yredelemnul
Zin
The Shining One

Shops:
D:6 [   D:10 ?

Annotations:
D:6 exclusion: upstairs
D:9 exclusion: downstairs, Psyche
D:12 Josephine


Innate Abilities, Weirdness & Mutations

You cannot be hasted, slowed, berserked, paralysed or teleported.
You can dig through walls and to a lower floor.
Your four strong arms can wield two-handed weapons with a shield.
You have a pair of large antennae on your head. (SInv)
Your life essence is reduced to manifest your ancestor. (-10% HP)


Message History

The manticore claws you.
* * * LOW HITPOINT WARNING * * *
You feel much better. The manticore closely misses you.
You block the manticore's attack. The manticore claws you!
Evoke which item? (* to show all) (? for menu, Esc to quit)
Aiming: Enslavement
Press: ? - help, Shift-Dir - straight line, f/p - manticore
Aim: a manticore (chance to defeat MR: 37%)
The manticore resists with some effort.
This wand has 6 charges left.
The manticore bites you. The manticore claws you.
* * * LOW HITPOINT WARNING * * *
The manticore barely misses you.
All of the chunks of flesh in your inventory have rotted away.
Evoke which item? (* to show all) (? for menu, Esc to quit)
Aiming: Enslavement
Press: ? - help, Shift-Dir - straight line, f/p - manticore
Aim: a manticore (chance to defeat MR: 37%)
The manticore resists with some effort.
This wand has 5 charges left.
The manticore bites you!!
You die...

#H# # #<# #.# . #{#.#...
########.###.######.
.{.......
....................
{........
..................#.
.{..#####
....####.###.##..... #...#
...####.####.# #.(.##.#.
#...#
...........H.###........
#...##. .#H#######>...###..
{...... .. #.#@# #......#.#
###.##..( .. #.#R#
########.# <# .#
......##.#.##############..
.# ....
#......................
.####...#
###..#.######.#.##.#...
o.......# #..#.# # #...
........# #..#.# #...
........# #....# #..#
........# #..#.# # #..#


You could see the friendly Osbert the battlemage and a manticore.

Vanquished Creatures
  A hippogriff (D:9)
  A wyvern (D:9)
  A wraith (D:11)
  A hungry ghost (D:10)
  An ice beast (D:10)
  An orc warrior (D:11)
  A phantom (D:7)
  3 ogres
  5 centaurs
  A crocodile (D:10)
  3 bullfrogs
  A wyvern zombie (D:9)
  2 scorpions
  A wight (D:7)
  2 crimson imps
  3 quasits
  4 orc priests
  2 jellies (D:6)
  A gnoll shaman (D:7)
  3 hounds
  6 orc wizards
  A bullfrog skeleton (D:11)
  2 iguanas
  9 worker ants
  3 hound skeletons
  A mummy (D:6)
  8 gnolls
  12 adders
  An adder skeleton (D:4)
  2 worms
  13 orcs
  A ball python (D:5)
  4 bats
  2 giant cockroaches
  5 goblins
  4 hobgoblins
  11 jackals
  3 kobolds
  5 quokkas
  A frilled lizard (D:3)
  A hobgoblin zombie (D:6)
  A leopard gecko zombie (D:7)
  3 orc zombies (D:6)
  4 rats (D:3)
141 creatures vanquished.

Vanquished Creatures (collateral kills)
  A komodo dragon (D:10)
  A meliai zombie (D:11)
  A spriggan (D:7)
  A wraith (D:12)
  An orc warrior (D:11)
  An ogre (D:11)
  A crocodile (D:8)
  A bullfrog (D:11)
  A killer bee (D:10)
  A bullfrog zombie (D:5)
  A worker ant zombie (D:11)
  An adder (D:12)
  2 orcs (D:11)
  8 jackals (D:6)
  A giant cockroach zombie (D:5)
  A quokka zombie (D:5)
24 creatures vanquished.

Vanquished Creatures (others)
  A battlemage (D:12)
  3 ancestors
  A gnoll (D:4)
  An orc (D:4)
6 creatures vanquished.

Grand Total: 171 creatures vanquished

Notes
Turn   | Place    | Note
-------+----------+-------------------------------------------
     0 | D:1      | Lavandula the Formicid Artificer began the quest for the Orb.
     0 | D:1      | Reached XP level 1. HP: 15/15 MP: 3/3
   160 | D:2      | Reached XP level 2. HP: 21/21 MP: 4/4
   275 | D:2      | Reached XP level 3. HP: 22/26 MP: 5/5
   603 | D:3      | Found a stormy altar of Qazlal.
   604 | D:3      | Found a glowing silver altar of Zin.
  1167 | D:3      | Reached XP level 4. HP: 13/32 MP: 6/6
  1396 | D:3      | Reached XP level 5. HP: 24/37 MP: 7/7
  1776 | D:5      | Entered Level 5 of the Dungeon
  2048 | D:4      | Noticed an ogre
  2119 | D:4      | Killed an ogre
  2119 | D:4      | Reached XP level 6. HP: 34/48 MP: 8/8
  2434 | D:5      | Noticed an ogre
  2480 | D:4      | Found an ornate altar of the Wu Jian Council.
  2880 | D:4      | Found a white marble altar of Elyvilon.
  2956 | D:4      | Reached skill level 1 in Armour
  3087 | D:5      | Reached skill level 5 in Short Blades
  3087 | D:5      | Reached XP level 7. HP: 40/53 MP: 9/9
  3148 | D:5      | Found a sparkling altar of Nemelex Xobeh.
  3454 | D:6      | Found a staircase to the Ecumenical Temple.
  3469 | Temple   | Entered the Ecumenical Temple
  3778 | D:6      | Found Zeps's Armour Shoppe.
  3854 | D:7      | Reached XP level 8. HP: 50/60 MP: 10/10
  4299 | D:6      | Found a hazy altar of Hepliaklqana.
  4313 | D:6      | Became a worshipper of Hepliaklqana the Forgotten
  4642 | D:7      | Noticed a spriggan baker
  4651 | D:7      | Killed a spriggan baker
  4651 | D:7      | Reached XP level 9. HP: 42/58 MP: 11/11
  4842 | D:8      | Reached skill level 5 in Dodging
  5126 | D:9      | Reached * piety under Hepliaklqana
  5139 | D:9      | Noticed a cyan ugly thing
  5141 | D:9      | Noticed Psyche
  5187 | D:10     | Entered Level 10 of the Dungeon
  5395 | D:10     | Noticed a komodo dragon
  5504 | D:9      | Noticed a hippogriff
  5510 | D:9      | Killed a hippogriff
  5826 | D:10     | Killed a komodo dragon
  5826 | D:10     | Reached XP level 10. HP: 26/63 MP: 12/12
  6303 | D:10     | Found Cebass's Magic Scroll Shop.
  6311 | D:10     | Bought a scroll of magic mapping for 49 gold pieces
  6311 | D:10     | Bought a scroll of silence for 105 gold pieces
  6448 | D:11     | Reached ** piety under Hepliaklqana
  6449 | D:11     | Remembered your ancestor Osbert as a battlemage
  6465 | D:11     | Noticed a manticore
  6597 | D:11     | Found a staircase to the Lair.
  6674 | D:12     | Reached skill level 1 in Shields
  6675 | D:12     | Noticed Josephine
  6685 | D:12     | Noticed a death knight
  6979 | D:11     | Slain by a manticore

Vault maps used:
D:1:      dpeg_arrival_chambers_temple_mockup
D:2:      chequers_ecumenical_altar_island, feat_on_display
D:3:      kennysheep_goblin_castle, gammafunk_temple_overflow_pools, first_bread
D:4:      lemuel_crystal_altar, overflow_temple_1_default,
          kennysheep_generic_room_3
D:5:      basic_altar
D:6:      lemuel_doored_altar, lemuel_coloured_pillars_altar, temple_pool_b,
          serial_shops, shop, minmay_mini_ossuary
D:7:      the_bakery
D:9:      uniq_psyche
D:10:     serial_shops, shop
D:11:     lair_entry_dummy, orc_david_3
D:12:     nicolae_zen_rock_garden, hangedman_decor_lopped, uniq_josephine
Temple:   eino_temple_rhombus

Skill      XL: |  1  2  3  4  5  6  7  8  9 10 |
---------------+-------------------------------+-----
Short Blades   | 2 3 4 5 7 9 |  9.0
Fighting       | 3 |  3.9
Dodging        | 2 3 8 9 |  9.8
Armour         | 1 |  1.3
Shields        | 3 |  3.6
Stealth        | |  1.2
Evocations     | |  3.2

Action                   |  1- 3 |  4- 6 |  7- 9 | 10-12 || total
-------------------------+-------+-------+-------+-------++-------
Melee: Short sword       |   113 |   200 |       |       ||   313
       Dagger            |       |     2 |   284 |   105 ||   391
Throw: Javelin           |       |       |     4 |       ||     4
Invok: Recall Ancestor   |       |       |     3 |     4 ||     7
       Ancestor Life: Ba |       |       |       |     1 ||     1
Evoke: Wand              |     5 |    29 |    17 |     5 ||    56
  Use: Potion            |       |     7 |       |     1 ||     8
       Scroll            |       |     3 |    10 |       ||    13
 Stab: Confused          |       |     1 |     3 |       ||     4
       Distracted        |       |       |     1 |     2 ||     3
  Eat: Chunk             |       |     6 |    10 |     3 ||    19
       Royal jelly       |       |       |       |     1 ||     1
Armor: Scale mail        |    39 |    62 |    59 |    23 ||   183
Dodge: Dodged            |    46 |    80 |    91 |    61 ||   278
Block: Buckler           |       |       |       |     4 ||     4
